 Dungeon Crawl Stone Soup version 0.24.0-29-g8ce449bc06 (webtiles) character file.

Game seed: 13885446400741346891, levelgen mode: deterministic

20 Descartes the Scratcher (level 2, 0/12 HPs)
             Began as a Felid Transmuter on Nov 15, 2019.
             Slain by an adder (3 damage)
             ... on level 2 of the Dungeon.
             The game lasted 00:00:56 (964 turns).

Descartes the Scratcher (Felid Transmuter)           Turns: 964, Time: 00:00:57

Health: 0/12       AC:  1    Str:  6    XL:     2   Next: 58%
Magic:  6/6        EV: 18    Int: 14    God:
Gold:   28         SH:  0    Dex: 16    Spells: 4/5 levels left
                                        Lives:  0   Deaths: 0

rFire    . . .     SeeInvis +     - Unarmed
rCold    . . .     Gourm    .   (shield unavailable)
rNeg     . . .     Faith    .   (armour unavailable)
rPois    .         Spirit   .   (helmet unavailable)
rElec    .         Reflect  .   (cloak unavailable)
rCorr    .         Harm     .   (gloves unavailable)
MR       .....                  (boots unavailable)
Stlth    ++........             (no amulet)
HPRegen  0.04/turn              (no ring)
MPRegen  0.10/turn              (no ring)

@: lethally poisoned (0 -> -11), quick
A: very small, no armour, no weapons or thrown items, stealth, claws 1, fangs 3,
see invisible, carnivore, speed 1, shaggy fur 1, slow metabolism 1, sharp paws
a: no special abilities


You were on level 2 of the Dungeon.
You were completely stuffed.

You visited 1 branch of the dungeon, and saw 2 of its levels.

You collected 28 gold pieces.

Inventory:

Missiles
 a - 12 arrows
Jewellery
 b - a +2 ring of intelligence {unknown}
Scrolls
 f - 2 scrolls of identify {unknown}
Potions
 d - a potion of might {unknown}
 e - a potion of flight {unknown}
 g - a potion of degeneration {unknown}
 i - a potion of brilliance {unknown}
Comestibles
 c - 5 rations
 h - 6 chunks of flesh


   Skills:
 - Level 1.0 Fighting
 + Level 3.2 Dodging
 + Level 1.4 Stealth
 * Level 3.5 Unarmed Combat
 - Level 2.0 Spellcasting
 - Level 2.1 Transmutations


You had 4 spell levels left.
You knew the following spells:

 Your Spells              Type           Power        Failure   Level  Hunger
a - Beastly Appendage     Tmut           #.....       10%         1    ##.....

Your spell library contained the following spells:

 Spells                   Type           Power        Failure   Level  Hunger
 Sticks to Snakes         Tmut           #.......     14%         2    ###....
 Spider Form              Tmut/Pois      #.........   41%         3    ####...
 Ice Form                 Ice/Tmut       #.......     83%         4    #####..
 Blade Hands              Tmut           #.........   95%         5    ######.


Dungeon Overview and Level Annotations

Branches:
Dungeon (2/15)

Altars:


Innate Abilities, Weirdness & Mutations

You cannot wear armour.
You are incapable of wielding weapons or throwing items.
Your paws allow you to move quietly. (Stealth)
You have sharp claws.
You have razor-sharp teeth.
You have supernaturally acute eyesight. (SInv)
You are carnivorous and can eat meat at any time.
You cover ground quickly.
You are covered in fur. (AC +1)
You have a slow metabolism.
Your sharp claws are effective at attacking unaware monsters.


Message History

You miss the adder. The adder misses you.
The goblin shoots a stone.
The stone completely misses you.
You scratch the adder.
The adder is lightly wounded.
You feel sick. The adder barely misses you.
The goblin shoots a stone.
The stone closely misses you.
You completely miss the adder.
The adder is lightly wounded.
The adder barely misses you. The adder bites you.
You are more poisoned.
The adder poisons you!
You scratch the adder.
The adder is lightly wounded.
You feel sick. The adder closely misses you.
The goblin unwields a +0 hunting sling.
The goblin closely misses you.
You scratch the adder. Your claw misses the adder.
The adder is heavily wounded.
* * * LOW HITPOINT WARNING * * *
You feel sick. The adder bites you.
You die...

# ### #. #.. ##
#.. #.# ..
#...####.##.#
#.........#.####
#.....S........#
#.((...@g...#
##..####..###
..## #..# #
...#..####.###
##.#.?........
#............
#..#..####.###
#.............
#.##..........


You could see an adder and a goblin.

Vanquished Creatures
  A leopard gecko (D:1)
  A ball python (D:1)
  3 giant cockroaches (D:1)
  3 goblins (D:1)
  2 hobgoblins (D:1)
  2 kobolds
  3 bats
  A frilled lizard (D:1)
  A rat (D:1)
17 creatures vanquished.

Notes
Turn   | Place    | Note
-------+----------+-------------------------------------------
     0 | D:1      | Descartes the Felid Transmuter began the quest for the Orb.
     0 | D:1      | Reached XP level 1. HP: 9/9 MP: 4/4
   249 | D:1      | Reached skill level 1 in Stealth
   249 | D:1      | Reached XP level 2. HP: 5/12 MP: 6/6
   964 | D:2      | Slain by an adder

Levels and vault maps discovered:
D:1:      dpeg_arrival_leaves_temple_mockup, layout_basic
D:2:      layout_loops_ring, hangedman_decor_opposing

Skill      XL: |  1 |
---------------+----+-----
Dodging        | 3 |  3.2
Stealth        | 1 |  1.4
Fighting       | |  1.0
Unarmed Combat | |  3.5
Spellcasting   | |  2.0
Transmutations | |  2.1

Action                   || total
-------------------------++-------
Melee: Unarmed           ||    45
       Punch             ||     1
       Bite              ||     2
 Stab: Sleeping          ||     4
  Eat: Chunk             ||     7
Armor: Skin              ||     4
Dodge: Dodged            ||    41
